 Dungeon Crawl Stone Soup version 0.22.1-1-ga44c0e5 (webtiles) character file.

8410 suicidejoker the Fighter (level 11, -2/106 HPs)
             Began as a Deep Dwarf Fighter on Oct 16, 2018.
             Was an Initiate of Gozag.
             Killed from afar by an ogre mage (38 damage)
             ... with a bolt of lightning
             ... on level 10 of the Dungeon.
             The game lasted 00:29:52 (8206 turns).

suicidejoker the Fighter (Deep Dwarf Fighter)       Turns: 8206, Time: 00:29:55

Health: -2/106     AC: 10    Str: 19    XL:     11   Next: 9%
Magic:  4/4        EV: 13    Int:  8    God:    Gozag
Gold:   1540       SH:  0    Dex: 15    Spells: 10/10 levels left

rFire    . . .     SeeInvis +   s - +3 great sword (freeze)
rCold    + . .     Gourm    .   (shield currently unavailable)
rNeg     + . .     Faith    .   E - +1 leather armour of Gozagy {rC+ rN+ MR+ SInv}
rPois    .         Spirit   .   (helmet restricted)
rElec    .         Reflect  .   t - +1 cloak
rCorr    .         Harm     .   u - +0 pair of gloves
MR       ++...                  M - +0 pair of boots
Stlth    ++++......             x - amulet of rage
HPRegen  0.00/turn              G - +3 ring of slaying
MPRegen  0.09/turn              (no ring)

@: gold aura, non-regenerating
A: damage resistance, heal wounds, horns 1, repulsion field 1, dopey 1, sense
surroundings 2, no regeneration
a: Heal Wounds, Potion Petition, Call Merchant, Bribe Branch, Renounce Religion,
Evoke Berserk Rage


You were on level 10 of the Dungeon.
You worshipped Gozag.
Gozag was most pleased with you.
You were not hungry.

You visited 2 branches of the dungeon, and saw 11 of its levels.

You collected 1651 gold pieces.
You paid 111 gold pieces to Gozag.

Inventory:

Hand Weapons
 a - a +0 long sword
 d - a +1 dagger of venom
 s - a +3 great sword of freezing (weapon)
 v - a +4 battleaxe
 z - a +6 dagger
 L - a +0 great mace
 P - a +1 short sword of electrocution
Missiles
 h - 231 stones (quivered)
 n - 3 throwing nets
 y - 154 bolts
 F - 6 tomahawks
Armour
 c - a +0 shield
 g - a +0 buckler
 j - a scarf of spirit shield
 m - a +2 helmet of see invisible
 t - a +1 cloak (worn)
 u - a +0 pair of gloves (worn)
 E - the +1 leather armour of Gozagy (worn) {rC+ rN+ MR+ SInv}
   (You found it on level 5 of the Dungeon)

   It protects you from cold.
   It protects you from negative energy.
   It affects your resistance to hostile enchantments.
   It lets you see invisible.
 M - a +0 pair of boots (worn)
Jewellery
 k - an uncursed ring of fire
 x - an amulet of rage (around neck)
 G - a +3 ring of slaying (left hand)
Wands
 I - a wand of polymorph (14)
Scrolls
 b - 2 scrolls of immolation
 e - 4 scrolls of remove curse
 p - 2 scrolls of teleportation
 A - 3 scrolls of identify
Potions
 i - 2 potions of agility
 l - 2 potions of brilliance
 o - a potion of haste {unknown}
 q - a potion of magic
 r - 2 potions of curing
 D - a potion of resistance
Comestibles
 f - 17 rations


   Skills:
 * Level 9.6 Fighting
 - Level 0.8(3.8) Short Blades
 * Level 6.7 Long Blades
 - Level 3.1 Maces & Flails
 + Level 8.2 Armour
 * Level 9.2 Stealth
 + Level 8.4 Shields


You had 10 spell levels left.
You didn't know any spells.
Your spell library contained the following spells:

 Spells                   Type           Power        Failure   Level  Hunger
 Magic Dart               Conj           #...         45%         1    ##.....
 Shock                    Conj/Air       #...         45%         1    ##.....
 Blink                    Tloc           N/A          58%         2    ###....
 Call Imp                 Summ           #.......     58%         2    ###....
 Slow                     Hex            #.......     58%         2    ###....
 Swiftness                Chrm/Air       #.......     58%         2    ###....
 Conjure Flame            Conj/Fire      #.......     83%         3    ####...
 Mephitic Cloud           Conj/Pois/Air  #.......     83%         3    ####...
 Static Discharge         Conj/Air       #.......     83%         3    ####...
 Airstrike                Air            #.........   99%         4    #####..
 Lightning Bolt           Conj/Air       #.........   100%        5    ######.


Dungeon Overview and Level Annotations

Branches:
Dungeon (10/15)            Temple (1/1) D:5            Lair (0/6) D:9
    Orc: D:9-12

Altars:
Ashenzari
Cheibriados
Elyvilon
Gozag
Hepliaklqana
Makhleb
Nemelex Xobeh
Qazlal
Ru
Sif Muna
Trog
Uskayaw
Vehumet
Wu Jian
Xom
Yredelemnul
The Shining One

Shops:
D:10 }

Annotations:
D:8 3 runed doors, gangsines's ghost, novice DsGl


Innate Abilities, Weirdness & Mutations

You are resistant to damage.
You can heal yourself by infusing magical energy.
You passively map the area around you.
You do not regenerate.
You have a pair of small horns on your head.
You are surrounded by a mild repulsion field. (EV +2)
You are dopey. (Int -2)


Message History

You destroy the bullfrog skeleton!
The ogre mage barely misses you.
The bullfrog hits you but does no damage.
The crimson imp is distracted by the nearby gold.
The ogre mage closely misses you.
Unknown command.
You barely miss the bullfrog. The bullfrog hits you.
The ogre mage hits you but does no damage.
The bullfrog barely misses you.
You riposte.
You barely miss the bullfrog.
The ogre mage hits you but does no damage.
Unknown command.
You slice the bullfrog!!
The bullfrog seems to slow down.
You freeze the bullfrog.
You kill the bullfrog!
The crimson imp is no longer distracted by gold.
The crimson imp blinks!
The ogre mage gestures at you while chanting.
The bolt of lightning hits you!
You die...
Your body crumbles into a pile of gold.

, ** *[# , , ,
,#....... ..# , *,#.
#....... , ... $ 8....
#....... , #.# .#.#
,#....... ,, *, * *...,
... ..#....... , ,
##o#*###.###..########
* ,
#.§O##..#..#..........
,*
,,#Z$#.....#..........
, *
#.#@#.$.#........... *
* *
.%.##...[.#..........
,, ,#..#.
#..#..#.......... *
###.#####.###..........
, , ,
..................... ,
........[[........### *
**
.......)..###'#.))'.. *
,,
....#+###.#...#...#..
.... #.#...#...#..


You could see an ogre mage, an orc and a centaur warrior zombie.

Vanquished Creatures
  2 two-headed ogres (D:8)
  A hornet (D:9)
  3 hippogriffs
  9 yaks (D:9)
  A steam dragon (D:7)
  2 wargs (D:9)
  An acid dragon (D:10)
  A soldier ant (D:10)
  Duvessa (D:7)
  A water moccasin (D:6)
  5 phantoms
  4 orc warriors
  An ice beast (D:5)
  An eye of draining (D:10)
  A sky beast (D:9)
  2 black bears
  3 ogres
  The ghost of mh0rre the Changer, an amateur DrTm (D:3)
  A centaur (D:8)
  A big kobold (D:8)
  2 bullfrogs (D:10)
  A wyvern zombie (D:9)
  A water moccasin zombie (D:3)
  5 scorpions
  Dowan (D:7)
  5 wights (D:10)
  6 killer bees
  A howler monkey (D:6)
  6 crimson imps
  2 bullfrog zombies
  3 hounds
  3 jellies
  Crazy Yiuf (D:7)
  4 orc priests (D:9)
  2 bullfrog skeletons
  3 iron imps (D:4)
  An iguana (D:7)
  9 orc wizards
  10 worker ants
  A killer bee zombie (D:9)
  A hound zombie (D:10)
  3 hound skeletons
  A worker ant zombie (D:5)
  6 adders
  3 shadow imps
  An ooze (D:2)
  2 adder skeletons
  2 worms
  5 dart slugs
  4 leopard geckos
  26 orcs
  10 giant cockroaches
  3 goblins (D:3)
  5 hobgoblins
  14 jackals
  4 quokkas
  2 ball pythons
  7 bats
  7 frilled lizards
  A jackal skeleton (D:5)
  6 kobolds
  13 rats
235 creatures vanquished.

Notes
Turn   | Place    | Note
-------+----------+-------------------------------------------
     0 | D:1      | suicidejoker the Deep Dwarf Fighter began the quest for the
                  | Orb.
     0 | D:1      | Reached XP level 1. HP: 20/20 MP: 1/1
   282 | D:1      | Reached XP level 2. HP: 21/27 MP: 2/2
   418 | D:1      | Reached skill level 1 in Stealth
   639 | D:1      | Reached XP level 3. HP: 25/34 MP: 3/3
  1525 | D:3      | Noticed a scorpion
  1528 | D:3      | Killed a scorpion
  1528 | D:3      | Reached XP level 4. HP: 30/43 MP: 4/4
  1727 | D:3      | Reached XP level 5. HP: 34/50 MP: 5/5
  2010 | D:3      | Found a runed gate.
  2010 | D:3      | Found a runed gate.
  2010 | D:3      | Found a runed gate.
  2010 | D:3      | Noticed mh0rre's ghost (amateur DrTm)
  2359 | D:3      | Killed mh0rre's ghost
  2359 | D:3      | Reached XP level 6. HP: 58/58 MP: 6/6
  2595 | D:4      | Found a burning altar of Makhleb.
  2925 | D:4      | Reached XP level 7. HP: 28/66 MP: 0/7
  3056 | D:5      | Entered Level 5 of the Dungeon
  3182 | D:5      | Reached skill level 5 in Fighting
  3330 | D:5      | Reached skill level 5 in Armour
  3330 | D:5      | Reached skill level 5 in Shields
  3343 | D:5      | Got a slimy leather armour
  3361 | D:5      | Identified the +1 leather armour of Gozagy {rC+ rN+ MR+
                  | SInv} (You found it on level 5 of the Dungeon)
  3480 | D:5      | Found a staircase to the Ecumenical Temple.
  3502 | Temple   | Entered the Ecumenical Temple
  3596 | Temple   | Became a worshipper of Gozag Ym Sagoz the Greedy
  3795 | D:5      | Reached XP level 8. HP: 28/76 MP: 7/7
  4152 | D:5      | Found a sparkling altar of Nemelex Xobeh.
  4226 | D:5      | Reached skill level 5 in Stealth
  4475 | D:6      | Found a white marble altar of Elyvilon.
  4661 | D:6      | Found a deep blue altar of Sif Muna.
  4661 | D:6      | Found a radiant altar of Vehumet.
  4860 | D:6      | Found a shimmering altar of Xom.
  4862 | D:6      | Found a shimmering altar of Xom.
  4863 | D:6      | Found a shimmering altar of Xom.
  4863 | D:6      | Found a shimmering altar of Xom.
  4863 | D:6      | Found a shimmering altar of Xom.
  4886 | D:6      | Reached skill level 5 in Long Blades
  4897 | D:6      | Found a shimmering altar of Xom.
  4903 | D:6      | Gained mutation: You passively map the area around you.
                  | [Deep Dwarf growth]
  4903 | D:6      | Reached XP level 9. HP: 30/85 MP: 7/7
  5163 | D:6      | Found a shimmering altar of Xom.
  5323 | D:7      | Found a sparkling altar of Nemelex Xobeh.
  5398 | D:7      | HP: 2/86 [steam dragon/ball of steam (15)]
  5472 | D:7      | HP: 2/86 [iguana (7)]
  5681 | D:7      | Gained mutation: You occasionally shout uncontrollably at
                  | your foes. [potion of mutation]
  5681 | D:7      | Gained mutation: You are surrounded by a mild repulsion
                  | field. (EV +2) [potion of mutation]
  5682 | D:7      | Lost mutation: You occasionally shout uncontrollably at
                  | your foes. [potion of mutation]
  5682 | D:7      | Gained mutation: You are dopey. (Int -2) [potion of
                  | mutation]
  5682 | D:7      | Gained mutation: You have a pair of small horns on your
                  | head. [potion of mutation]
  5759 | D:7      | Noticed Dowan
  5764 | D:7      | Noticed Duvessa
  5771 | D:7      | Killed Dowan
  5779 | D:7      | Killed Duvessa
  5790 | D:7      | Found a runed door.
  5794 | D:7      | Noticed Crazy Yiuf
  5798 | D:7      | Killed Crazy Yiuf
  5861 | D:7      | Found an ornate altar of the Wu Jian Council.
  6228 | D:8      | Noticed a two-headed ogre
  6247 | D:8      | Killed a two-headed ogre
  6366 | D:8      | Noticed a two-headed ogre
  6368 | D:8      | Found a runed gate.
  6368 | D:8      | Found a runed gate.
  6368 | D:8      | Found a runed gate.
  6390 | D:8      | Killed a two-headed ogre
  6390 | D:8      | Reached XP level 10. HP: 30/98 MP: 4/4
  6735 | D:8      | Noticed gangsines's ghost (novice DsGl)
  7053 | D:9      | Found a staircase to the Lair.
  7178 | D:9      | Reached skill level 1 in Maces & Flails
  7905 | D:10     | Entered Level 10 of the Dungeon
  7963 | D:10     | Found Ceafoito's Gadget Emporium.
  8137 | D:10     | Reached XP level 11. HP: 77/106 MP: 4/4
  8182 | D:10     | Noticed an ogre mage
  8206 | D:10     | Killed from afar by an ogre mage

Skill      XL: |  1  2  3  4  5  6  7  8  9 10 |
---------------+-------------------------------+-----
Stealth        | 1 2 3 4 6 7 9 |  9.2
Fighting       | 3 4 5 6 8 9 |  9.6
Armour         | 4 5 6 7 8 |  8.2
Shields        | 4 5 6 7 8 |  8.4
Long Blades    | 3 4 5 6 |  6.7
Maces & Flails | 3 |  3.1
Short Blades   | |  0.8

Action                   |  1- 3 |  4- 6 |  7- 9 | 10-12 || total
-------------------------+-------+-------+-------+-------++-------
Melee: Long sword        |   148 |    12 |       |       ||   160
       Dagger            |       |   130 |    75 |   113 ||   318
       Hand axe          |       |    73 |   378 |       ||   451
       Headbutt          |       |       |    18 |    51 ||    69
       Great mace        |       |       |       |    80 ||    80
       Great sword       |       |       |       |    18 ||    18
Throw: Stone             |       |     9 |       |    15 ||    24
Invok: Potion Petition   |       |       |       |     1 ||     1
 Abil: Heal Wounds       |       |     1 |    21 |    11 ||    33
       Evoke Berserk Rag |       |     1 |     4 |     3 ||     8
Evoke: Wand              |       |       |     1 |     1 ||     2
  Use: Potion            |     1 |       |     6 |     2 ||     9
       Scroll            |       |     4 |     3 |    15 ||    22
 Stab: Sleeping          |       |     1 |    12 |     6 ||    19
       Distracted        |       |       |     1 |     2 ||     3
  Eat: Ration            |     1 |       |     4 |     3 ||     8
       Chunk             |       |     4 |     2 |       ||     6
Armor: Scale mail        |    69 |    75 |    72 |       ||   216
       Leather armour    |       |       |   117 |    74 ||   191
Dodge: Dodged            |    42 |    41 |   157 |   163 ||   403
Block: Shield            |    89 |    84 |   259 |    13 ||   445
       Buckler           |       |       |       |    12 ||    12
       Rpst.: Long sword |    17 |       |       |       ||    17
       Great sword       |       |       |       |     8 ||     8
